AoeStats
← OmarGutieG

Arabia

504451572Analyzed
2v2 RM · 27d ago on Sep 5, 2026· 49m 36s· 4 players
Game mode
Random Map
Map size
Medium (4 player)
Population
200
Speed
Normal
Resources
Standard
Victory
Conquest
Starting age
Dark Age
Ending age
Imperial Age
RankedLock teamsTeams togetherTeam positionsShared explorationLock speedFull tech treeHidden civsTurbo modeCheats
Victory
Defeat
🇷🇺 Spanish · Russia
1155
+21
🇷🇺 Huns · Russia
1155
+21
🇲🇽 Magyars · Mexico
1275
-21
🇲🇽 Maya · Mexico
1259
-21
armigame1
6:24 Loom
9:17 Feudal Age
21:28 Castle Age
20:23 Bloodlines
21:17 Gold Mining
21:35 Scale Barding Armor
23:49 Wheelbarrow
24:03 Double-Bit Axe
29:11 Gold Shaft Mining
28:41 Light Cavalry
34:21 Chain Barding Armor
34:26 Husbandry
39:50 Horse Collar
OmarGutieG
0:27 Loom
9:23 Feudal Age
16:05 Fletching
22:51 Castle Age
23:33 Padded Archer Armor
24:40 Elite Skirmisher
26:06 Bodkin Arrow
27:00 Wheelbarrow
33:58 Leather Archer Armor
33:55 Horse Collar
39:51 Hand Cart
39:22 Treadmill Crane
41:37 Heavy Plow
41:48 Scale Mail Armor
41:58 Forging
44:56 Imperial Age
43:40 Eagle Warrior
46:38 Iron Casting
46:19 Chain Mail Armor
Rentaro
7:30 Loom
9:44 Feudal Age
10:26 Double-Bit Axe
13:26 Horse Collar
20:12 Castle Age
19:05 Bloodlines
18:51 Gold Mining
20:39 Padded Archer Armor
20:32 Fletching
21:23 Bodkin Arrow
22:30 Padded Archer Armor
25:16 Leather Archer Armor
26:20 Bow Saw
27:35 Husbandry
29:33 Gold Shaft Mining
34:36 Thumb Ring
36:16 Pikeman
37:58 Wheelbarrow
37:08 Town Watch
38:23 Squires
43:29 Ballistics
49:40 Fervor
SeTs
10:04 Loom
11:54 Feudal Age
14:15 Double-Bit Axe
20:12 Castle Age
18:17 Stone Mining
19:18 Fletching
24:04 Horse Collar
28:20 Gold Mining
29:53 Bodkin Arrow
30:18 Town Watch
31:06 Heavy Plow
33:53 Wheelbarrow
34:00 Padded Archer Armor
36:50 Leather Archer Armor
42:21 Imperial Age
41:15 Husbandry
41:25 Bloodlines
43:46 Conscription
45:26 Elite Conquistador
47:51 Ring Archer Armor
48:08 Pikeman
48:57 Town Patrol
49:13 Hand Cart
Connection lost

Rejoining the realm…

Still unreachable

The connection could not be restored.

Session expired

The server has moved on; the page needs a fresh start.